 Dungeon Crawl Stone Soup version 0.29-a0-977-g7483850d73 (webtiles) character file.

Game seed: 3764893355584941381

93 ILmort the Trooper (level 4, -5/49 HPs)
             Began as an Ogre Cinder Acolyte on Aug 1, 2022.
             Was an Elder of Ignis.
             Blown up by Ijyb (15 damage)
             ... with a mindburst bolt
             ... on level 2 of the Dungeon.
             The game lasted 00:10:58 (1588 turns).

ILmort the Trooper (Ogre Cinder Acolyte)            Turns: 1588, Time: 00:10:59

Health: -5/49      AC:  4    Str: 18    XL:     4   Next: 61%
Magic:  2/7        EV:  9    Int: 17    God:    Ignis [****..]
Gold:   17         SH:  0    Dex:  4    Spells: 5/7 levels left

rFire   + . .      SeeInvis .   a - -1 spear (flame)
rCold   . . .      Faith    .   (no shield)
rNeg    . . .      Spirit   .   b - +1 robe
rPois   .          Reflect  .   (helmet restricted)
rElec   .          Harm     .   (no cloak)
rCorr   .          Rampage  .   (gloves unavailable)
Will    .....                   (boots unavailable)
Stlth   +.........              (no amulet)
HPRegen 0.16/turn               (no ring)
MPRegen 0.10/turn               (no ring)

@: no status effects
A: large, unfitting armour, tough skin 1
a: Renounce Religion, Fiery Armour, Foxfire Swarm


You were on level 2 of the Dungeon.
You worshipped Ignis.
Ignis was greatly pleased with you.
You visited 1 branch of the dungeon, and saw 3 of its levels.

You collected 17 gold pieces.

Inventory:

Hand Weapons
 a - a -1 spear of flaming (weapon)
Armour
 b - a +1 robe (worn)
 g - a +0 leather armour
 h - a +0 robe
Magical Staves
 i - a staff of conjuration
 n - a staff of earth
Jewellery
 d - a ring of see invisible
Scrolls
 c - a scroll of identify {unknown}
 l - a scroll of enchant weapon {unknown}
 o - a scroll of poison {unknown}
 p - a scroll of vulnerability {unknown}
Potions
 e - a potion of resistance {unknown}
 f - a potion of might {unknown}
 j - 2 potions of curing {unknown}
 k - a potion of attraction {unknown}
 m - a potion of magic {unknown}


   Skills:
 + Level 4.8 Fighting
 + Level 3.8 Polearms
 + Level 0.9 Dodging
 + Level 0.1 Stealth
 + Level 2.1 Spellcasting
 + Level 3.0 Fire Magic


You had 5 spell levels left.
You knew the following spells:

 Your Spells              Type           Power      Damage    Failure   Level
a - Scorch                Fire           24%        2d6       9%          2

Your spell library contained the following spells:

 Spells                   Type           Power      Damage    Failure   Level
 Freeze                   Ice            4%         1d3       19%         1


Dungeon Overview and Level Annotations

Branches:
Dungeon (3/15)

Altars:

Annotations:
D:2 Ijyb


Innate Abilities, Weirdness & Mutations

You are too large for most types of armour.
You have tough skin. (AC +1)


Message History

The foxfire hits Ijyb but does no damage.
Ijyb is heavily wounded.
The foxfire hits Ijyb but does no damage.
Ijyb is heavily wounded.
Ijyb screams, "Get away!"
The foxfire hits the goblin.
The goblin is moderately wounded.
The foxfire hits Ijyb.
Ijyb is heavily wounded.
The foxfire hits the goblin.
You kill the goblin!
The foxfire hits Ijyb but does no damage.
Ijyb is heavily wounded.
Ijyb zaps a wand.
Your mind is blasted!
A goblin comes into view. It is wielding a +0 club.
Casting: Scorch (safe; 9% risk of failure)
Confirm with . or Enter, or press ? or * to list all spells.
You miscast Scorch.
You are very lightly contaminated with residual magic.
Nothing appears to happen.
Ijyb zaps a wand.
Your mind is blasted!
Casting: Scorch (safe; 9% risk of failure)
Confirm with . or Enter, or press ? or * to list all spells.
Flames lash Ijyb but do no damage.
Ijyb hits you with a +0 dagger.
Casting: Scorch (safe; 9% risk of failure)
Confirm with . or Enter, or press ? or * to list all spells.
Flames lash Ijyb.
Ijyb is severely wounded.
Ijyb's fire resistance burns away.
Ijyb hits you with a +0 dagger.
* * * LOW HITPOINT WARNING * * *
Ijyb attacks as you move away! Ijyb barely misses you.
Ijyb zaps a wand.
Your mind is blasted!
* * * LOW HITPOINT WARNING * * *
Ijyb is no longer more vulnerable to fire.
Ijyb zaps a wand.
Your mind is blasted!
* * * LOW HITPOINT WARNING * * *
Your magical contamination has completely faded away.
Ijyb screams, "Get away!"
Ijyb screams, "You nasty!
Big nasty!"
Ijyb zaps a wand.
Your mind is blasted!
You die...

#..........# #.#
#......)...# #.# #
#.........## #.#
#.#.........# #)# .
#.#.........# #)# .
#....gg.....# ###.# #..
#####....###### #....
#.. ............####
#.... +.#
#######@###....# #....
#.# #..######.#####....
####.# #...#
#.......... .....#
###.#.###########....
.....##### #...#.)...#
#....
.....)...####...#....<#
#...#
.....###........#.....#
#...# .....#
######...#.....# #...#
.....# #...#....<#
#####


You could see Ijyb and a goblin.

Vanquished Creatures
  4 adders (D:2)
  A worm (D:2)
  A dart slug (D:1)
  2 endoplasms (D:1)
  A giant cockroach (D:2)
  8 goblins
  4 hobgoblins
  2 jackals (D:1)
  4 quokkas
  6 ball pythons
  4 bats
  A frilled lizard (D:2)
  5 kobolds
  8 rats
51 creatures vanquished.

Vanquished Creatures (others)
  24 foxfires (D:2)
  A fungus (D:2)
  3 plants (D:2)
28 creatures vanquished.

Grand Total: 79 creatures vanquished

Notes
Turn   | Place    | Note
-------+----------+-------------------------------------------
     0 | D:1      | ILmort the Ogre Cinder Acolyte began the quest for the Orb.
     0 | D:1      | Reached XP level 1. HP: 24/24 MP: 2/2
   204 | D:1      | Reached XP level 2. HP: 25/32 MP: 3/3
   480 | D:1      | Learned a level 2 spell: Scorch
   530 | D:1      | Reached XP level 3. HP: 36/40 MP: 1/4
  1146 | D:2      | Reached XP level 4. HP: 42/49 MP: 3/6
  1198 | D:2      | Found a faded altar of an unknown god.
  1209 | D:2      | Got Plato's Encyclopedia of Hoarfrost
  1571 | D:2      | Noticed Ijyb
  1588 | D:2      | Blown up by Ijyb

Illustrated notes

Levels and vault maps discovered:
D:1:      minmay_arrival_jagged, layout_loops_ring, minmay_pentomino_x2
D:2:      kennysheep_the_goblin_king, layout_rooms,
          shapermc_ecumenical_altar_rom_forum,
          hangedman_abyss_or_decor_lesser_grid, grunt_ministairs_4,
          minmay_misc_feat_room, minmay_pentomino_pile
D:3:      layout_rooms, uniq_natasha

Skill      XL: |  1  2  3  4 |
---------------+-------------+-----
Fire Magic     | 3 |  3.0
Spellcasting   | 2 |  2.1
Fighting       | |  4.8
Polearms       | |  3.8
Dodging        | |  0.9
Stealth        | |  0.1

Action                   |  1- 3 |  4- 6 || total
-------------------------+-------+-------++-------
Melee: Spear             |   111 |    14 ||   125
 Cast: Scorch            |    10 |     7 ||    17
Invok: Foxfire Swarm     |       |     3 ||     3
       Rising Flame      |       |     1 ||     1
  Use: Scroll            |     2 |       ||     2
Armor: Robe              |    52 |     8 ||    60
Dodge: Dodged            |    44 |    11 ||    55

Table legend: (Time is in decaauts)
 A = Elapsed time spent in this place.
 B = Non-inter-level travel time spent in this place.
 C = Inter-level travel time spent in this place.
 D = Time resting spent in this place.
 E = Time spent auto-exploring this place.
 F = Levels seen in this place.
 G = Mean time per level.
                   A        B        C        D        E       F      G
               +--------+--------+--------+--------+--------+-----+--------+
         Total |   1578 |   1275 |    303 |      0 |    939 |   3 |  526.0 |
       Dungeon |   1578 |   1275 |    303 |      0 |    939 |   3 |  526.0 |
               +--------+--------+--------+--------+--------+-----+--------+

Top non-repeatable levels by time:
     D:1: 1000 daAuts
     D:2: 568 daAuts
     D:3: 9 daAuts
